 Dungeon Crawl Stone Soup version 0.26-a0-1205-g4083c211ab (webtiles) character file.

Game seed: 17316314766570961244

20712 pkoi the Grappler (level 12, 0/104 HPs)
             Began as a Minotaur Monk on Dec 29, 2020.
             Was a High Priest of Nemelex Xobeh.
             Shot with a bolt by a minotaur (11 damage)
             ... in a Gauntlet on Dec 30, 2020.
             The game lasted 00:22:23 (16747 turns).

pkoi the Grappler (Minotaur Monk)                  Turns: 16747, Time: 00:22:23

Health: 0/104      AC: 10    Str: 21    XL:     12   Next: 47%
Magic:  0/20       EV: 18    Int:  7    God:    Nemelex Xobeh [*****.]
Gold:   958        SH:  0    Dex: 19    Spells: 11/11 levels left

rFire    . . .     SeeInvis .     - Unarmed
rCold    . . .     Faith    .   (no shield)
rNeg     . . .     Spirit   +   i - +0 leather armour (curse)
rPois    .         Reflect  .   (helmet restricted)
rElec    .         Harm     .   (no cloak)
rCorr    .         Rampage  .   g - +1 pair of gloves
Will     .....     NoTele   +   (no boots)
Stlth    ++........             d - amulet of guardian spirit
HPRegen  0.27/turn              F - +4 ring of protection
MPRegen  0.17/turn              G - +6 ring of dexterity

@: lethally poisoned (0 -> -41)
A: retaliatory headbutt, horns 2
a: Renounce Religion, Draw Escape, Draw Destruction, Draw Summoning, Triple
Draw, Deal Four, Stack Five


You were in a Gauntlet.
You worshipped Nemelex Xobeh.
Nemelex Xobeh was extremely pleased with you.
You visited 2 branches of the dungeon, and saw 14 of its levels.
You also visited: Ossuary, Bailey and Gauntlet.

You collected 958 gold pieces.

Inventory:

Hand Weapons
 K - the +11 triple crossbow "Blob" {elec, rElec MP+9 Int+4 Stlth+}
   (You found it on level 2 of the Lair of Beasts)

   It charges the ammunition it shoots with electricity; occasionally upon a
   hit, such missiles may discharge and cause terrible harm.
   It affects your intelligence (+4).
   It insulates you from electricity.
   It affects your magic capacity (+9).
   It makes you more stealthy.
Missiles
 c - 4 poisoned darts (quivered)
Armour
 a - a +0 robe
 g - a +1 pair of gloves (worn)
 i - a cursed +0 leather armour (worn)
 B - a +2 robe of fire resistance
Jewellery
 d - an amulet of guardian spirit (around neck)
 f - an uncursed ring of ice
 n - an uncursed ring of poison resistance
 p - an uncursed ring of positive energy
 q - a +4 ring of evasion
 s - an uncursed amulet of the acrobat
 u - an uncursed amulet of magic regeneration
 F - a +4 ring of protection (left hand)
 G - a +6 ring of dexterity (right hand)
 L - an uncursed ring of fire
Wands
 k - a wand of flame (5)
 r - a wand of disintegration (26)
 y - a wand of random effects (27)
 z - a wand of paralysis (9)
 D - a wand of digging (12)
 I - a wand of polymorph (7)
Scrolls
 e - 6 scrolls of teleportation
 h - 2 scrolls of immolation
 j - 6 scrolls of fear
 o - 9 scrolls of identify
 t - 6 scrolls of enchant weapon
 v - 3 scrolls of amnesia
 w - a scroll of magic mapping
 A - 4 scrolls of remove curse
 E - a scroll of enchant armour
Potions
 b - 6 potions of curing
 l - a potion of mutation
 m - 3 potions of flight
 x - a potion of magic
 C - 2 potions of lignification
 H - a potion of ambrosia


   Skills:
 + Level 9.1 Fighting
 + Level 8.2 Armour
 + Level 8.4 Dodging
 - Level 1.5 Stealth
 + Level 14.4 Unarmed Combat
 + Level 12.1 Invocations


You had 11 spell levels left.
You didn't know any spells.
Your spell library contained the following spells:

 Spells                   Type           Power        Failure   Level
 Apportation              Tloc           0%           45%         1
 Freeze                   Ice            0%           45%         1
 Sting                    Tmut/Pois      0%           45%         1
 Poisonous Vapours        Pois/Air       0%           61%         2
 Frozen Ramparts          Ice            0%           83%         3
 Ignite Poison            Fire/Tmut/Pois 0%           83%         3
 Ozocubu's Armour         Ice            0%           83%         3
 Teleport Other           Tloc           0%           83%         3
 Hailstorm                Conj/Ice       0%           99%         4
 Olgreb's Toxic Radiance  Pois           0%           99%         4
 Summon Ice Beast         Ice/Summ       0%           99%         4
 Eringya's Noxious Bog    Tmut/Pois      0%           100%        6


Dungeon Overview and Level Annotations

Branches:
Dungeon (12/15)            Temple (0/1) D:5            Lair (2/6) D:9
    Orc (0/2) D:9         Ossuary (visited)          Bailey (visited)
Gauntlet (1/1)
  Swamp: Lair:2-4    Shoals: Lair:2-4     Snake: Lair:2-4    Spider: Lair:2-4

Altars:
Elyvilon
Gozag
Nemelex Xobeh
Sif Muna
Trog
Vehumet
Xom
Zin
The Shining One

Shops:
D:4 [*[?

Annotations:
Gauntlet 8 transporters, 6 runed translucent doors


Innate Abilities, Weirdness & Mutations

You reflexively headbutt those who attack you in melee.
You have a pair of horns on your head.


Message History

Press: ? - help, Shift-Dir - straight line, f/p - minotaur
Aim: a minotaur, wielding the +8 executioner's axe of Laqiepri {venom, *Drain Will- Int+5 SInv}, wearing a +0 chain mail and quivering 19 bolts (severely wounded)
Your orb of destruction hits a crystal wall.
Your orb of destruction hits a metal wall.
* * * LOW HITPOINT WARNING * * *
You feel very sick.
The minotaur hits you with the +8 executioner's axe of Laqiepri {venom, *Drain Will- Int+5 SInv}.
* * * LOW HITPOINT WARNING * * *
The minotaur closely misses you.
Your orb of destruction hits a metal wall. x2
Unknown command.
* * * LOW HITPOINT WARNING * * *
You feel very sick.
Your orb of destruction hits a metal wall.
The minotaur unwields the +8 executioner's axe of Laqiepri {venom, *Drain Will- Int+5 SInv}.
It stops dripping with poison.
The minotaur wields a +2 vorpal hand crossbow.
The minotaur shoots a bolt.
The bolt hits you!
You die...
Your body glows with a rainbow of weird colours and disappears.

#.................
#.♣.♣.©.©.©.©.♣.♣.#
#.................
###.##.##.##.##.###
##.##.##.##.# .#
#............ .
#.##.##.##.
#.##.##°##.##.#
#.....@.°○.....
###.##○#H###.##
###.##.#.#
#......#.#
##.##.##.#
#.##.##∩# #.....###
###.##.# ######


You could see a minotaur.

Vanquished Creatures
  A death ooze (Gauntlet)
  A blizzard demon (Gauntlet)
  Erolcha (D:11)
  A boulder beetle (D:11)
  A hydra (Lair:1)
  A death knight (D:11)
  A two-headed ogre (D:9)
  A wizard (Gauntlet)
  An orc knight (Bailey)
  An ugly thing (D:11)
  5 cane toads
  A troll (D:11)
  Prince Ribbit (D:7)
  A hornet (D:8)
  A meliai zombie (D:11)
  Sigmund (D:2)
  3 wyverns
  11 yaks
  A wraith (D:11)
  2 basilisks (D:9)
  2 steam dragons
  Menkaure (D:6)
  A warg (Bailey)
  3 vampire mosquitoes (Lair:2)
  8 water moccasins
  13 orc warriors
  4 ice beasts
  4 sky beasts
  3 phantoms
  3 black bears
  2 eyes of draining (D:11)
  2 ogres (D:10)
  A tengu (D:4)
  A necrophage (D:9)
  15 centaurs
  7 bullfrogs
  A scorpion (Bailey)
  A killer bee (D:4)
  8 wights
  2 howler monkeys
  2 centaur zombies
  4 hounds
  A jelly (D:11)
  A centaur skeleton (D:9)
  6 orc priests
  8 orc wizards
  2 iguanas
  10 worker ants
  A killer bee zombie (D:9)
  7 big kobold zombies (Ossuary)
  5 worker ant zombies
  A mummy (Ossuary)
  Robin (D:3)
  7 adders
  4 gnolls (D:4)
  A howler monkey skeleton (D:9)
  4 shadow imps
  2 white imps
  2 ufetubi (D:9)
  An adder skeleton (D:7)
  7 worms
  2 dart slugs (D:1)
  3 leopard geckos
  51 orcs
  2 spectral bats (Ossuary)
  5 bats
  8 giant cockroaches
  5 gnoll zombies (Ossuary)
  11 hobgoblins
  3 quokkas
  A bat simulacrum (Ossuary)
  2 frilled lizards
  12 goblins
  5 goblin simulacra (Ossuary)
  6 goblin zombies (Ossuary)
  5 hobgoblin zombies (Ossuary)
  A jackal skeleton (D:5)
  8 kobolds
  4 kobold simulacra (Ossuary)
  4 kobold zombies (Ossuary)
  A leopard gecko skeleton (D:5)
  3 orc zombies (Ossuary)
  5 rats
  3 rat simulacra (Ossuary)
  6 spectral goblins (Ossuary)
  2 spectral kobolds (Ossuary)
  2 spectral rats (Ossuary)
356 creatures vanquished.

Vanquished Creatures (others)
  A golden eye (D:4)
  A bat (D:4)
  5 fungi
  2 plants (Lair:1)
9 creatures vanquished.

Grand Total: 365 creatures vanquished

Notes
Turn   | Place    | Note
-------+----------+-------------------------------------------
     0 | D:1      | pkoi the Minotaur Monk began the quest for the Orb.
     0 | D:1      | Reached XP level 1. HP: 19/19 MP: 0/0
   327 | D:1      | Reached XP level 2. HP: 10/26 MP: 1/1
   553 | D:1      | Reached skill level 4 in Unarmed Combat
  1189 | D:2      | Noticed Sigmund
  1349 | D:2      | Found a sparkling altar of Nemelex Xobeh.
  1379 | D:2      | Became a worshipper of Nemelex Xobeh the Trickster
  1379 | D:2      | Reached * piety under Nemelex Xobeh
  1379 | D:2      | Received a gift from Nemelex Xobeh
  1379 | D:2      | Reached ** piety under Nemelex Xobeh
  1389 | D:2      | Killed Sigmund
  1390 | D:2      | Reached skill level 6 in Unarmed Combat
  1390 | D:2      | Reached XP level 3. HP: 12/31 MP: 2/2
  1390 | D:2      | Reached XP level 4. HP: 15/39 MP: 3/3
  1390 | D:2      | Reached XP level 5. HP: 17/45 MP: 4/4
  1668 | D:2      | Found a glowing silver altar of Zin.
  1712 | D:2      | Found a shimmering altar of Xom.
  1961 | D:3      | Received a gift from Nemelex Xobeh
  1968 | D:3      | Reached skill level 1 in Invocations
  2004 | D:3      | Reached skill level 7 in Unarmed Combat
  2099 | D:3      | Found a radiant altar of Vehumet.
  2110 | D:3      | Noticed Robin
  2112 | D:3      | Killed Robin
  2150 | D:3      | Reached XP level 6. HP: 44/51 MP: 4/6
  2401 | D:3      | Reached *** piety under Nemelex Xobeh
  2669 | D:3      | Found an opulent altar of Gozag.
  2795 | D:4      | Noticed a swamp drake
  2795 | D:4      | a killer bee changed into a swamp drake
  2795 | D:4      | Noticed a steam dragon
  2795 | D:4      | a killer bee changed into a steam dragon
  2795 | D:4      | Noticed a golden eye
  2795 | D:4      | a killer bee changed into a golden eye
  2803 | D:4      | Killed a golden eye
  3039 | D:3      | Noticed a steam dragon
  3039 | D:3      | a swamp drake changed into a steam dragon
  3041 | D:3      | Killed a steam dragon
  3170 | D:4      | Found Bet Padi's Antique Armour Shoppe.
  3190 | D:4      | Killed a steam dragon
  3191 | D:4      | Reached skill level 8 in Unarmed Combat
  3191 | D:4      | Reached XP level 7. HP: 57/57 MP: 8/8
  3303 | D:4      | Found Xaqunu's Magic Scroll Shoppe.
  3409 | D:4      | Received a gift from Nemelex Xobeh
  3540 | D:4      | Found Ikke's Assorted Antiques.
  3558 | D:5      | Entered Level 5 of the Dungeon
  3601 | D:5      | Found a shimmering altar of Xom.
  3636 | D:5      | Found a bloodstained altar of Trog.
  3650 | D:5      | Reached skill level 5 in Invocations
  3658 | D:5      | Reached skill level 9 in Unarmed Combat
  3662 | D:5      | Reached XP level 8. HP: 43/64 MP: 7/10
  3966 | D:5      | Reached skill level 12 in Unarmed Combat
  3966 | D:5      | Reached skill level 10 in Invocations
  3966 | D:5      | Reached XP level 9. HP: 70/70 MP: 10/15
  4017 | D:5      | Found a staircase to the Ecumenical Temple.
  4018 | D:5      | Reached **** piety under Nemelex Xobeh
  4018 | D:5      | Received a gift from Nemelex Xobeh
  4256 | D:4      | Found Duthrugi's Antique Armour Boutique.
  4773 | D:6      | Reached skill level 1 in Armour
  4789 | D:6      | Found a glowing golden altar of the Shining One.
  4896 | D:6      | Noticed Menkaure
  4905 | D:6      | Killed Menkaure
  5462 | D:7      | Found a sand-covered staircase.
  5471 | Ossuary  | Entered an ossuary
  5921 | D:7      | Noticed Prince Ribbit
  5929 | D:7      | Killed Prince Ribbit
  6153 | D:7      | Received a gift from Nemelex Xobeh
  6249 | D:7      | Found a sparkling altar of Nemelex Xobeh.
  6344 | D:7      | Noticed a moth of wrath
  6347 | D:7      | Found a bloodstained altar of Trog.
  6390 | D:7      | Got a bloodstained battleaxe
  6391 | D:7      | Identified the +9 battleaxe of Indomitability {flame, rF+
                  | Int+3} (You found it on level 7 of the Dungeon)
  6482 | D:7      | Reached skill level 13 in Unarmed Combat
  6772 | D:8      | Paralysed by a hornet for 1 turns
  6780 | D:8      | Reached XP level 10. HP: 62/80 MP: 12/16
  6872 | D:8      | Reached skill level 5 in Fighting
  7016 | D:8      | Found a shimmering altar of Xom.
  7065 | D:8      | Received a gift from Nemelex Xobeh
  7067 | D:8      | Reached ***** piety under Nemelex Xobeh
  7415 | D:9      | Found a staircase to the Orcish Mines.
  7533 | D:9      | Noticed a two-headed ogre
  7546 | D:9      | Killed a two-headed ogre
  7547 | D:9      | Reached skill level 5 in Dodging
  8217 | D:9      | Found a staircase to the Lair.
  9160 | D:10     | Entered Level 10 of the Dungeon
  9175 | D:10     | Received a gift from Nemelex Xobeh
  9429 | D:10     | Received a gift from Nemelex Xobeh
  9481 | D:10     | Reached XP level 11. HP: 81/89 MP: 18/18
 10117 | D:10     | Reached skill level 5 in Armour
 10185 | D:11     | Found a flagged portal.
 10199 | Bailey   | Entered a bailey
 11551 | Bailey   | Noticed an orc knight
 11558 | Bailey   | Killed an orc knight
 11576 | Bailey   | Got a polished executioner's axe
 11577 | Bailey   | Identified the +12 executioner's axe "Zoxtuin" {antimagic,
                  | +Rage Will- Str+3 Int+4} (You found it in a bailey)
 11817 | D:11     | Received a gift from Nemelex Xobeh
 11890 | D:11     | Noticed Erolcha
 11894 | D:11     | Killed Erolcha
 12516 | D:11     | Noticed a boulder beetle
 12926 | D:11     | Killed a boulder beetle
 13381 | D:11     | Noticed a brown ugly thing
 13394 | D:11     | Killed a brown ugly thing
 13580 | D:11     | Received a gift from Nemelex Xobeh
 13693 | D:11     | Found a shimmering blue altar of Sif Muna.
 14133 | D:12     | Noticed a death knight
 14133 | D:12     | Noticed a phantasmal warrior
 14171 | D:11     | Killed a death knight
 14172 | D:11     | Reached skill level 14 in Unarmed Combat
 14417 | Lair:1   | Entered Level 1 of the Lair of Beasts
 14421 | Lair:1   | Received a gift from Nemelex Xobeh
 14454 | Lair:1   | Found a white marble altar of Elyvilon.
 14490 | Lair:1   | Reached XP level 12. HP: 96/101 MP: 17/19
 14863 | Lair:1   | Noticed an eight-headed hydra
 14876 | Lair:1   | Killed an eight-headed hydra
 15468 | Lair:1   | Received a gift from Nemelex Xobeh
 15809 | Lair:2   | Got a scorched triple crossbow
 15810 | Lair:2   | Identified the +11 triple crossbow "Blob" {elec, rElec MP+9
                  | Int+4 Stlth+} (You found it on level 2 of the Lair of
                  | Beasts)
 15839 | Lair:2   | Found a gate leading to a gauntlet.
 15889 | Gauntlet | Entered a Gauntlet
 15889 | Gauntlet | Found a transporter.
 15948 | Gauntlet | Found a transporter.
 15950 | Gauntlet | Found a transporter.
 15957 | Gauntlet | Noticed a tengu warrior
 15961 | Gauntlet | Found a transporter.
 15962 | Gauntlet | Found a transporter.
 15969 | Gauntlet | Found a runed translucent gate.
 15969 | Gauntlet | Found a runed translucent gate.
 15969 | Gauntlet | Found a runed translucent gate.
 15972 | Gauntlet | Found a transporter.
 15988 | Gauntlet | Found a transporter.
 15991 | Gauntlet | Noticed a catoblepas
 15996 | Gauntlet | Noticed a great orb of eyes
 15998 | Gauntlet | Found a transporter.
 16008 | Gauntlet | Found a transporter.
 16008 | Gauntlet | Found a runed translucent door.
 16008 | Gauntlet | Found a runed translucent door.
 16010 | Gauntlet | Noticed a balrug
 16023 | Gauntlet | Found a transporter.
 16034 | Gauntlet | Found a runed translucent door.
 16035 | Gauntlet | Found a transporter.
 16035 | Gauntlet | Found a transporter.
 16037 | Gauntlet | Found a runed translucent door.
 16039 | Gauntlet | Noticed a death ooze
 16078 | Gauntlet | Found a transporter.
 16092 | Gauntlet | Found a transporter.
 16214 | Gauntlet | Killed a death ooze
 16447 | Gauntlet | Noticed a blizzard demon
 16447 | Gauntlet | a balrug changed into a blizzard demon
 16455 | Gauntlet | Killed a blizzard demon
 16538 | Gauntlet | Identified Vimoh's Collected Works on Displaced Envenoming
 16741 | Gauntlet | Identified the +8 executioner's axe of Laqiepri {venom,
                  | *Drain Will- Int+5 SInv}
 16741 | Gauntlet | Noticed a minotaur
 16747 | Gauntlet | Shot with a bolt by a minotaur

Illustrated notes

Levels and vault maps discovered:
D:1:      matt_arrival_los_fun, layout_basic, glass_columns_c
D:2:      layout_rooms, xom_teletrap_fun, nemelex_xobeh_ov_fountains_minmay,
          zin_statuary, uniq_sigmund
D:3:      layout_basic, vehumet_crystals, nicolae_overflow_hidden_temple,
          hangedman_decor_clover_reticule, uniq_robin
D:4:      layout_gridville, serial_shops, nicolae_shop_statue_plus,
          kennysheep_little_box, shop, shop
D:5:      layout_cave_pools, lemuel_crystal_altar, minmay_temple_entry_wispy,
          basic_altar
D:6:      layout_basic, basic_altar, uniq_menkaure
D:7:      layout_rooms, nicolae_ossuary_entry_ruins, basic_altar, tgw_trog,
          uniq_prince_ribbit1
D:8:      layout_cave_pools, basic_altar
D:9:      layout_stronghold, david_lair_generic, david_orc_2
D:10:     layout_cave_pods
D:11:     layout_stronghold, enter_bailey_4, led_sif_book, uniq_erolcha
D:12:     layout_cave_pools, disabler_island
Lair:1:   wad_woods_structure_01, layout_chaotic_city, amcnicky_altar_gilded
Lair:2:   layout_roguey, minmay_swamp_entry_swarm, gauntlet_entry_generic,
          grunt_megastairs_1
Gauntlet: minmay_gauntlet_77_tree [minmay_gauntlet_arena_77_mirror,
          minmay_gauntlet_arena_77_cramped, minmay_gauntlet_arena_77_box,
          minmay_gauntlet_arena_77_checkered,
          minmay_gauntlet_arena_77_shame_cube, minmay_gauntlet_arena_77_braids,
          minmay_gauntlet_arena_77_run_for_it, gauntlet_exit_green]

Skill      XL: |  1  2  3  4  5  6  7  8  9 10 11 12 |
---------------+-------------------------------------+-----
Unarmed Combat | 6 7 8 9 12 13 14 | 14.4
Invocations    | 1 3 5 10 11 12 | 12.1
Armour         | 3 4 7 8 |  8.2
Fighting       | 4 6 8 9 |  9.1
Dodging        | 4 5 7 8 |  8.4
Stealth        | |  1.5

Action                   |  1- 3 |  4- 6 |  7- 9 | 10-12 || total
-------------------------+-------+-------+-------+-------++-------
Melee: Unarmed           |    54 |    75 |   275 |   524 ||   928
       Headbutt          |     7 |    11 |    45 |   123 ||   186
       Punch             |       |     1 |    12 |    44 ||    57
       Battleaxe         |       |       |    18 |       ||    18
Invok: Draw Destruction  |     1 |    10 |     7 |    22 ||    40
       Draw Escape       |       |       |       |     4 ||     4
       Triple Draw       |       |       |       |     3 ||     3
  Use: Scroll            |       |     3 |    11 |     3 ||    17
       Potion            |       |       |     5 |     8 ||    13
 Stab: Sleeping          |     2 |       |    11 |     1 ||    14
Armor: Robe              |     8 |    14 |    36 |       ||    58
       Leather armour    |       |       |       |   104 ||   104
Dodge: Dodged            |    36 |    72 |   212 |   533 ||   853

Table legend: (Time is in decaauts)
 A = Elapsed time spent in this place.
 B = Non-inter-level travel time spent in this place.
 C = Inter-level travel time spent in this place.
 D = Time resting spent in this place.
 E = Time spent auto-exploring this place.
 F = Levels seen in this place.
 G = Mean time per level.
                   A        B        C        D        E       F      G
               +--------+--------+--------+--------+--------+-----+--------+
         Total |  16616 |  16072 |    544 |   4589 |   8789 |  17 |  977.4 |
       Dungeon |  12478 |  11950 |    528 |   3301 |   6807 |  12 | 1039.8 |
          Lair |   1445 |   1430 |     15 |    375 |    901 |   2 |  722.5 |
       Ossuary |    397 |    397 |      0 |      0 |    207 |   1 |  397.0 |
        Bailey |   1443 |   1443 |      0 |    456 |    571 |   1 | 1443.0 |
      Gauntlet |    851 |    851 |      0 |    457 |    302 |   1 |  851.0 |
               +--------+--------+--------+--------+--------+-----+--------+

Top non-repeatable levels by time:
    D:11: 2805 daAuts
     D:9: 1612 daAuts
  Bailey: 1443 daAuts
  Lair:1: 1374 daAuts
     D:1: 1327 daAuts
     D:3: 1220 daAuts
     D:6: 1134 daAuts
    D:10: 963 daAuts
     D:4: 861 daAuts
Gauntlet: 851 daAuts
     D:8: 850 daAuts
     D:7: 599 daAuts
     D:2: 561 daAuts
     D:5: 535 daAuts
 Ossuary: 397 daAuts
